 Dungeon Crawl Stone Soup version 0.31.0-11-ge490571c62 (webtiles) character file.

Game seed: 6314243030643264031

95 qw the Shooter (level 4, 0/25 HPs)
             Began as a Deep Elf Hunter on Feb 4, 2024.
             Succumbed to a goblin's poison
             ... on level 2 of the Dungeon.
             The game lasted 00:00:04 (1248 turns).

qw the Shooter (Deep Elf Hunter)                    Turns: 1248, Time: 00:00:05

Health: 0/25       AC:  3    Str: 10    XL:     4   Next: 39%
Magic:  6/6        EV: 12    Int: 14    God:
Gold:   28         SH:  0    Dex: 18    Spells: 3/3 levels left

rFire   + . .        a - +0 shortbow
rCold   . . .        (shield currently unavailable)
rNeg    . . .        c - +0 leather armour
rPois   .            (no helmet)
rElec   .            (no cloak)
rCorr   .            (no gloves)
SInv    .            (no boots)
Will    .....        (no amulet)
Stlth   ++           f - ring of protection from fire
HPRegen 0.24/turn    (no ring)
MPRegen 0.10/turn

%: no passive effects
@: lethally poisoned (0 -> -15)
A: no striking features
a: no special abilities


You were on level 2 of the Dungeon.
You visited 1 branch of the dungeon, and saw 2 of its levels.

You collected 28 gold pieces.


   Skills:
 - Level 1.5 Fighting
 + Level 7.8 Ranged Weapons
 - Level 2.4 Dodging
 - Level 1.2 Stealth


You had 3 spell levels left.
You didn't know any spells.
Your spell library was empty.

Inventory:

Hand Weapons
 a - a +0 shortbow (weapon)
Armour
 c - a +0 leather armour (worn)
 g - a +0 scale mail
Jewellery
 f - a ring of protection from fire (left hand)
Scrolls
 e - a scroll of identify
 h - a scroll of blinking {unknown}
Potions
 b - 2 potions of magic {unknown}
 d - a potion of lignification {unknown}

Dungeon Overview and Level Annotations

Branches:
Dungeon (2/15)

Altars:


Message History

The arrow hits the adder but does no damage.
You feel sick. The adder bites you. x2
You shoot an arrow. The arrow hits the adder.
The adder is moderately wounded.
You feel sick.
You hear an angry hiss.
The adder misses you.
You shoot an arrow. The arrow barely misses the adder.
You feel sick.
You are no longer poisoned.
A frilled lizard comes into view.
The adder bites you but does no damage.
You shoot an arrow. The frilled lizard hisses angrily.
The arrow hits the adder but does no damage.
The adder is moderately wounded.
The adder bites you but does no damage. The adder bites you.
You shoot an arrow. The arrow hits the adder.
The adder is severely wounded.
The frilled lizard bites you but does no damage.
The adder bites you.
You shoot an arrow. The arrow closely misses the adder.
The frilled lizard bites you. The adder bites you but does no damage.
The frilled lizard barely misses you.
You shoot an arrow. The arrow hits the adder!
You kill the adder!
The frilled lizard misses you.
You shoot an arrow. The arrow closely misses the goblin.
The goblin hits you with the +2 hand axe of the Poles {venom, Dex+5}.
You are lethally poisoned!
The frilled lizard bites you but does no damage.
You shoot an arrow. The arrow hits the goblin.
The goblin is severely wounded.
You feel sick.
The goblin hits you with the +2 hand axe of the Poles {venom, Dex+5}.
You are more poisoned.
The frilled lizard misses you.
You shoot an arrow. The arrow hits the goblin.
You kill the goblin!
You die...

....#.##........##.##
......#..######..#..#
.....##.## ##.##.#
.....#..# #..#.#
.....#..#. #..#.#
........#.[## #..#.#
........#..!(. #..#.#
........##...%.#.##.#
.........###...l@#..#
##.##..........)##.##
#..#..###....###..#
#.......######...##
#.#####.........##
#.# ###..#.##.# #.#
#.......# #.#
#.####### #.# #.#


You could see a frilled lizard.

Vanquished Creatures
  4 gnolls (D:2)
  An adder (D:2)
  4 dart slugs
  3 ball pythons
  3 bats
  2 endoplasms (D:1)
  2 giant cockroaches
  7 goblins
  5 hobgoblins
  2 kobolds (D:1)
  2 quokkas (D:1)
  2 frilled lizards (D:2)
  3 rats (D:1)
40 creatures vanquished.

Notes
Turn   | Place    | Note
-------+----------+-------------------------------------------
     0 | D:1      | qw the Deep Elf Hunter began the quest for the Orb.
     0 | D:1      | Reached XP level 1. HP: 12/12 MP: 3/3
     0 | D:1      | 0 ||| qw: Version: 0.3-a-160-g6735b56
     0 | D:1      | 0 ||| qw: Game counter: 5819
     0 | D:1      | 0 ||| qw: Melee chars always use a shield: true
     0 | D:1      | 0 ||| qw: God list: Okawaru
     0 | D:1      | 0 ||| qw: Allow faded altars: false
     0 | D:1      | 0 ||| qw: Do Orc after clearing Dungeon:15 true
     0 | D:1      | 0 ||| qw: Do second Lair branch before Depths: true
     0 | D:1      | 0 ||| qw: Lair rune preference: random
     0 | D:1      | 0 ||| qw: Goals: Normal
     0 | D:1      | 0 ||| PLANNING D:1-11
   123 | D:1      | Reached XP level 2. HP: 16/16 MP: 4/4
   125 | D:1      | Reached skill level 6 in Ranged Weapons
   526 | D:1      | Reached XP level 3. HP: 20/20 MP: 5/5
   655 | D:1      | 655 ||| UPGRADING to ring of protection from fire.
   656 | D:1      | 656 ||| READING scroll labelled HOYSU UWIASY.
   657 | D:1      | 657 ||| READING 2 scrolls labelled JOCHAE XIETT.
   658 | D:1      | 658 ||| DROPPING scroll of butterflies.
   660 | D:1      | 660 ||| Stepping ~*~*~tactically~*~*~ (cloud).
   880 | D:2      | Reached skill level 7 in Ranged Weapons
   913 | D:2      | Reached XP level 4. HP: 24/25 MP: 6/6
  1237 | D:2      | Identified the +2 hand axe of the Poles {venom, Dex+5}
  1247 | D:2      | HP: 6/25 [poisoned by a goblin]
  1248 | D:2      | Succumbed to a goblin's poison

Levels and vault maps discovered:
D:1:      lemuel_arrival_lava_pool, layout_loops_ring
D:2:      layout_basic, minmay_randomly_rotated_circles

Skill      XL: |  1  2  3 |
---------------+----------+-----
Ranged Weapons | 6 7 |  7.8
Fighting       | |  1.5
Dodging        | |  2.4
Stealth        | |  1.2

Action                     |  1- 3 |  4- 6 || total
---------------------------+-------+-------++-------
   Fire: Shortbow          |    94 |    28 ||   122
    Use: Scroll            |     2 |       ||     2
 Armour: Leather armour    |     6 |    19 ||    25
  Dodge: Dodged            |    11 |     9 ||    20

Table legend:
 A = Non-vault XP
 B = Vault XP
 C = Vault XP percentage of total XP
 D = Non-vault monster count
 E = Vault monster count
 F = Vault count percentage of total count
                 A         B        C        D         E       F
            +---------+---------+-------+---------+---------+-------
      Total |     118 |      20 |  14.5 |      35 |       5 |  12.5
            +---------+---------+-------+---------+---------+-------
        D:1 |      50 |       0 |   0.0 |      25 |       0 |   0.0
        D:2 |      68 |      20 |  22.7 |      10 |       5 |  33.3
            +---------+---------+-------+---------+---------+-------
